 Dungeon Crawl Stone Soup version 0.18-a0-1028-g6e46bd4 (webtiles) character file.

511 Oddball22 the Changer (level 6, -2/43 HPs)
             Began as a Demonspawn Transmuter on Jan 9, 2016.
             Was an Initiate of Sif Muna.
             Slain by a gnoll
             ... wielding a +0 spear
              (4 damage)
             ... on level 5 of the Dungeon.
             The game lasted 00:08:46 (4969 turns).

Oddball22 the Changer (Demonspawn Transmuter)       Turns: 4969, Time: 00:08:46

Health: -2/43      AC:  2    Str: 10    XL:     6   Next: 99%
Magic:  4/11       EV: 19    Int: 15    God:    Sif Muna [......]
Gold:   200        SH:  0    Dex: 20    Spells: 4 memorised, 1 level left

rFire  . . .     SeeInvis .       - Unarmed
rCold  . . .     Gourm    .     (armour currently unavailable)
rNeg   . . .     Faith    .     (shield currently unavailable)
rPois  x         Spirit   .     (helmet currently unavailable)
rElec  .         Dismiss  .     (cloak currently unavailable)
rCorr  .         Reflect  .     (gloves currently unavailable)
SustAt .         Harm     .     (boots currently unavailable)
MR     .....                    (no amulet)
Stlth  +.........               (no ring)
                                (no ring)

@: spider-form (expiring), very slightly contaminated, glowing, not resistant to
hostile enchantments, very unstealthy
A: (hooves 0), (iridescent scales 0), nightstalker 1
a: End Transformation, Renounce Religion


You were on level 5 of the Dungeon.
You worshipped Sif Muna.
Sif Muna was noncommittal.
You were not hungry.
You were a venomous arachnid creature.
You visited 2 branches of the dungeon, and saw 6 of its levels.

You collected 200 gold pieces.

Inventory:

Hand Weapons
 m - a +0 dagger of draining
Missiles
 a - 54 arrows
Armour
 b - a +0 robe (melded)
Jewellery
 p - an uncursed ring of sustain attributes {unknown}
Wands
 n - a wand of digging (9/24)
 y - a wand of enslavement (19/24)
Scrolls
 e - a scroll of enchant armour {unknown}
 h - 2 scrolls of identify {unknown}
 j - 3 scrolls of recharging {unknown}
 q - 2 scrolls of blinking {unknown}
 s - a scroll of remove curse {unknown}
 t - 3 scrolls of random uselessness {unknown}
 w - a scroll of fear {unknown}
 A - a scroll of magic mapping {unknown}
 C - a scroll of noise {unknown}
Potions
 f - 2 potions of invisibility {unknown}
 k - a potion of mutation {unknown}
 l - a potion of flight {unknown}
 o - 2 potions of curing
 r - 2 potions of poison {unknown}
 v - a potion of might {unknown}
 x - a potion of heal wounds
 B - a potion of cure mutation {unknown}
Books
 c - a book of Changes

   Spells                             Type                      Level
   a - Beastly Appendage              Transmutation                1
   b - Sticks to Snakes               Transmutation                2
   c - Spider Form                    Transmutation/Poison         3
   d - Ice Form                       Ice/Transmutation            4
   e - Blade Hands                    Transmutation                5
Comestibles
 d - 2 bread rations
 g - 3 fruits
 i - a slice of pizza
 u - a meat ration
 z - 3 chunks of flesh


   Skills:
 - Level 1.0 Fighting
 - Level 1.7 Dodging
 - Level 4.0 Unarmed Combat
 + Level 3.4 Spellcasting
 * Level 4.5 Transmutations
 + Level 1.3 Ice Magic
 + Level 2.4 Poison Magic


You had one spell level left.
You knew the following spells:

 Your Spells              Type           Power        Failure   Level  Hunger
a - Beastly Appendage     Trmt           ###...       12%         1    None
b - Sticks to Snakes      Trmt           ###.....     17%         2    ##.....
c - Spider Form           Trmt/Pois      ##........   36%         3    ###....
d - Ice Form              Ice/Trmt       ##......     85%         4    ####...


Dungeon Overview and Level Annotations

Branches:
Dungeon (5/15)             Temple (1/1) D:4

Altars:
Elyvilon
Fedhas
Gozag
Kikubaaqudgha
Qazlal
Ru
Sif Muna
Trog
The Shining One


Innate Abilities, Weirdness & Mutations

((You have large cloven feet.))
((You are mostly covered in iridescent scales (AC +6).))
You are slightly more attuned to the shadows.


Message History

The gnoll shaman hits you with a whip!
* * * LOW HITPOINT WARNING * * *
The gnoll hits you from afar with a spear.
* * * LOW HITPOINT WARNING * * *
The gnoll shaman calls upon its god to speed up the gnoll.
The gnoll seems to speed up.
The gnoll shaman invokes the aid of its god against you.
You are outlined in light.
The gnoll shaman calls upon its god to speed up something.
Your transformation is almost over.
The gnoll completely misses you.
You barely miss the gnoll. The gnoll hits you with a spear.
* * * LOW HITPOINT WARNING * * *
The gnoll hits you but does no damage.
You barely miss the gnoll. The gnoll hits you with a spear.
* * * LOW HITPOINT WARNING * * *
You hit the gnoll.
The gnoll is poisoned.
The gnoll is moderately wounded.
The gnoll hits you with a spear.
You die...

####### # #### ###.#
...###.#.# .#.##....#
.#.#.....## .#........#
..........#
####.).)..##############
#.#.#........sggg...####
###.#.#..##########......%
#........?# #.#.####
.........?....gg #g# #
#.##.####.#.#### #.# #.
#.# #....# #g# #.
#.#..#.O.g...# .
#.#.a#.#..#... ... $# #.
#.###


You could see a gnoll shaman and 2 gnolls.

Vanquished Creatures
  A phantom (D:4)
  An ogre (D:5)
  A hound (D:5)
  A jelly (D:3)
  2 centaur skeletons (D:4)
  2 worker ants (D:4)
  An iguana (D:4)
  2 gnolls (D:5)
  5 adders
  An ooze (D:1)
  A worm (D:2)
  A giant gecko (D:4)
  6 orcs (D:4)
  3 giant cockroaches
  10 goblins
  3 hobgoblins
  10 jackals
  5 kobolds
  3 quokkas
  3 ball pythons
  9 bats
  3 giant newts
  10 rats
84 creatures vanquished.

Notes
Turn   | Place    | Note
--------------------------------------------------------------
     0 | D:1      | Oddball22 the Demonspawn Transmuter began the quest for the Orb.
     0 | D:1      | Reached XP level 1. HP: 15/15 MP: 3/3
   334 | D:1      | Gained mutation: You are partially covered in iridescent scales (AC +4). [demonic ancestry]
   334 | D:1      | Reached XP level 2. HP: 12/21 MP: 3/5
   471 | D:1      | Reached skill level 3 in Unarmed Combat
  1085 | D:2      | Gained mutation: You have large cloven feet. [demonic ancestry]
  1085 | D:2      | Reached XP level 3. HP: 21/26 MP: 4/6
  1871 | D:2      | Learned a level 2 spell: Sticks to Snakes
  1875 | D:2      | Learned a level 3 spell: Spider Form
  2124 | D:2      | Reached XP level 4. HP: 16/32 MP: 5/7
  2888 | D:3      | Found a blossoming altar of Fedhas.
  3204 | D:3      | Found a sacrificial altar of Ru.
  3301 | D:4      | Gained mutation: You are slightly more attuned to the shadows. [demonic ancestry]
  3301 | D:4      | Reached XP level 5. HP: 8/37 MP: 9/9
  3549 | D:4      | Reached skill level 1 in Poison Magic
  3814 | D:4      | Found an opulent altar of Gozag.
  3888 | D:4      | Reached skill level 4 in Unarmed Combat
  3911 | D:4      | Learned a level 4 spell: Ice Form
  3961 | D:4      | Gained mutation: You are mostly covered in iridescent scales (AC +6). [demonic ancestry]
  3961 | D:4      | Reached XP level 6. HP: 29/43 MP: 10/10
  4102 | D:4      | Found a staircase to the Ecumenical Temple.
  4131 | Temple   | Entered the Ecumenical Temple
  4152 | Temple   | Became a worshipper of Sif Muna the Loreminder
  4850 | D:5      | Entered Level 5 of the Dungeon
  4873 | D:5      | Reached skill level 1 in Ice Magic
  4968 | D:5      | HP: 1/43 [gnoll/spear (5)]
  4969 | D:5      | Slain by a gnoll

Vault maps used:
D:1:      mrwooster_arrival_arrow, minmay_crystal_water, serial_bayou_pond_e
D:3:      nicolae_overflow_hidden_temple, nicolae_ru_the_path_less_chosen
D:4:      lemuel_coloured_pillars_altar, minmay_temple_entry_water_ring,
          first_bread
D:5:      johnstein_pakellas_death_squad, kennysheep_okawaru_gauntlet
Temple:   eino_temple_water_12

Action                   |  1- 3 |  4- 6 || total
-------------------------+-------+-------++-------
Melee: Unarmed           |   172 |   242 ||   414
 Cast: Beastly Appendage |    15 |    18 ||    33
       Spider Form       |       |     3 ||     3
  Use: Potion            |     1 |     2 ||     3
 Stab: Sleeping          |       |     2 ||     2
  Eat: Chunk             |     4 |    10 ||    14
